 Seeded DCSS version 0.28-a0-779-g3d1f99b579 (webtiles) character file.

Game seed: 20211102 (custom seed)

689 a11behringer the Cudgeller (level 7, -19/43 HPs)
             Began as a Gargoyle Fighter on Nov 2, 2021.
             Was a Follower of Makhleb.
             Demolished by an ogre (22 damage)
             ... on level 4 of the Dungeon on Nov 3, 2021.
             The game lasted 00:13:14 (3929 turns).

a11behringer the Cudgeller (Gargoyle Fighter)       Turns: 3929, Time: 00:13:14

Health: -19/43     AC: 16    Str: 21    XL:     7   Next: 63%
Magic:  8/8        EV: 10    Int:  8    God:    Makhleb [*.....]
Gold:   98         SH:  4    Dex: 10    Spells: 6/6 levels left

rFire   . . .      SeeInvis .   a - +1 flail
rCold   . . .      Faith    .   c - +0 buckler
rNeg    + . .      Spirit   .   e - +0 plate armour
rPois   ∞          Reflect  .   (no helmet)
rElec   +          Harm     .   (no cloak)
rCorr   +          Rampage  .   (no gloves)
Will    .....                   (no boots)
Stlth   ..........              (no amulet)
HPRegen 0.14/turn               g - +4 ring of evasion
MPRegen 0.11/turn               p - ring of resist corrosion

@: no status effects
A: sickness immunity, AC +4, negative energy resistance 1, electricity
resistance, torment resistance 1, petrification resistance
a: Renounce Religion


You were on level 4 of the Dungeon.
You worshipped Makhleb.
Makhleb was aware of your devotion.
You visited 1 branch of the dungeon, and saw 4 of its levels.

You collected 98 gold pieces.

Inventory:

Hand Weapons
 a - a +1 flail (weapon)
Missiles
 f - 45 arrows
 q - a throwing net (quivered)
Armour
 b - a +0 scale mail
 c - a +0 buckler (worn)
 e - a +0 plate armour (worn)
Jewellery
 g - a +4 ring of evasion (left hand)
 k - a ring of positive energy
 p - a ring of resist corrosion (right hand)
Scrolls
 l - a scroll of teleportation {unknown}
Potions
 d - 2 potions of might
 h - a potion of ambrosia
 i - a potion of brilliance {unknown}
 j - 2 potions of curing {unknown}
 m - a potion of flight {unknown}
 n - a potion of mutation {unknown}
 o - a potion of attraction {unknown}
 r - 2 potions of invisibility {unknown}


   Skills:
 + Level 4.3 Fighting
 * Level 6.7 Maces & Flails
 + Level 4.5 Armour
 + Level 4.0 Shields
 * Level 2.2 Invocations


You had 6 spell levels left.
You didn't know any spells.
Your spell library was empty.

Dungeon Overview and Level Annotations

Branches:
Dungeon (4/15)             Temple (0/1) D:4

Altars:
Makhleb
Vehumet


Innate Abilities, Weirdness & Mutations

You are immune to sickness and miasma.
Your stone body is resilient. (AC +4)
You are immune to poison.
You resist negative energy. (rN+)
You are resistant to electric shocks. (rElec)
You are resistant to unholy torment.
You are immune to petrification.


Message History

Makhleb accepts your kill.
r - 2 green potions
Found an escape hatch in the ceiling.
A quokka comes into view.
A quokka is nearby!
The quokka closely misses you.
You barely miss the quokka. You block the quokka's attack.
The quokka bites you.
You hit the quokka.
The quokka is heavily wounded.
The quokka bites you but does no damage.
You sock the quokka!
You kill the quokka!
Makhleb accepts your kill.
You can now gain health from killing.
A jelly and an ogre come into view.
The ogre shouts!
The jelly quivers.
You see here a quokka corpse.
The jelly hits you but does no damage.
You hit the jelly.
Your hands burn!
The jelly is lightly wounded.
The jelly hits you but does no damage.
You hit the jelly.
Your hands burn!
The jelly is moderately wounded.
The ogre hits you with a +0 giant club. The jelly hits you.
You are splashed with acid.
You resist.
You hit the jelly.
Your hands burn!
The jelly is moderately wounded.
The ogre barely misses you. The jelly hits you but does no damage.
You sock the jelly!
You kill the jelly!
Makhleb accepts your kill. The ogre hits you with a +0 giant club!
The ogre hits you with a +0 giant club!
* * * LOW HITPOINT WARNING * * *
You hit the ogre.
The ogre is lightly wounded.
The ogre hits you with a +0 giant club!!
Ouch! That really hurt!
You die...

. # ### #..
.
##.#####..#
#.
###...#...#
#.##....O..#
#..##....@.#
#.....####
##.†### ##.#
#.## ##.#
#.## ##.#
#.##


You could see an ogre.

Vanquished Creatures
  Duvessa (D:4)
  An ogre (D:4)
  Blork the orc (D:4)
  Dowan (D:4)
  A jelly (D:4)
  A hound (D:2)
  A bullfrog zombie (D:4)
  2 iguanas (D:4)
  Natasha (thrice) (D:4)
  A hound skeleton (D:4)
  7 adders
  A worm (D:2)
  3 dart slugs
  3 orcs
  6 endoplasms
  7 giant cockroaches
  6 goblins
  5 hobgoblins
  2 jackals (D:3)
  7 kobolds
  3 quokkas
  6 ball pythons
  4 bats
  3 frilled lizards
  9 rats
85 creatures vanquished.

Notes
Turn   | Place    | Note
-------+----------+-------------------------------------------
     0 | D:1      | a11behringer the Gargoyle Fighter began the quest for the
                  | Orb.
     0 | D:1      | Reached XP level 1. HP: 14/14 MP: 1/1
   333 | D:1      | Reached XP level 2. HP: 15/19 MP: 2/2
   665 | D:1      | Found a faded altar of an unknown god.
   687 | D:1      | Upgraded the game from 0.28-a0-773-g130ae17fe5 to
                  | 0.28-a0-779-g3d1f99b579
   886 | D:1      | Reached XP level 3. HP: 23/23 MP: 3/3
  1322 | D:2      | Reached skill level 3 in Maces & Flails
  1338 | D:2      | Reached XP level 4. HP: 28/28 MP: 4/4
  1981 | D:2      | Reached skill level 4 in Maces & Flails
  2346 | D:3      | Reached XP level 5. HP: 33/33 MP: 5/5
  2386 | D:3      | Found a radiant altar of Vehumet.
  2633 | D:3      | Found a burning altar of Makhleb.
  2641 | D:3      | Became a worshipper of Makhleb the Destroyer
  3121 | D:4      | Noticed Natasha
  3136 | D:4      | Killed Natasha
  3140 | D:4      | Found a staircase to the Ecumenical Temple.
  3177 | D:4      | Reached XP level 6. HP: 38/38 MP: 6/6
  3224 | D:4      | Noticed Duvessa
  3227 | D:4      | Noticed Dowan
  3238 | D:4      | Killed Duvessa
  3239 | D:4      | Reached skill level 5 in Maces & Flails
  3239 | D:4      | Reached skill level 1 in Invocations
  3250 | D:4      | Killed Dowan
  3308 | D:4      | Noticed Natasha
  3314 | D:4      | Killed Natasha
  3364 | D:4      | Reached skill level 6 in Maces & Flails
  3364 | D:4      | Reached XP level 7. HP: 29/43 MP: 8/8
  3569 | D:4      | Noticed Blork the orc
  3581 | D:4      | Killed Blork the orc
  3628 | D:4      | Noticed Natasha
  3636 | D:4      | Killed Natasha
  3918 | D:4      | Reached * piety under Makhleb
  3929 | D:4      | Demolished by an ogre

Illustrated notes

Levels and vault maps discovered:
D:1:      onia_arrival_handbag, layout_rooms, shapermc_ecumenical_altar_gd,
          st_stairs_1
D:2:      layout_basic, patterned_corridor
D:3:      layout_basic, nicolae_overflow_hidden_temple,
          lemuel_coloured_pillars_altar, serial_curves, eino_curves_04,
          eino_curves_03
D:4:      layout_cave_pods, minmay_temple_entry_junction, ebering_ghost_gozag,
          uniq_blork_the_orc, uniq_duvessa, uniq_natasha

Skill      XL: |  1  2  3  4  5  6  7 |
---------------+----------------------+-----
Maces & Flails | 3 4 6 |  6.7
Armour         | 4 |  4.5
Invocations    | 1 2 |  2.2
Fighting       | 4 |  4.3
Shields        | 4 |  4.0

Action                   |  1- 3 |  4- 6 |  7- 9 || total
-------------------------+-------+-------+-------++-------
Melee: Flail             |   113 |   183 |    38 ||   334
  Use: Scroll            |     1 |     4 |       ||     5
       Potion            |       |     2 |       ||     2
Armor: Plate armour      |    80 |   135 |    20 ||   235
       Scale mail        |     1 |       |       ||     1
Dodge: Dodged            |    49 |   119 |    15 ||   183
Block: Buckler           |    26 |    41 |    12 ||    79

Table legend: (Time is in decaauts)
 A = Elapsed time spent in this place.
 B = Non-inter-level travel time spent in this place.
 C = Inter-level travel time spent in this place.
 D = Time resting spent in this place.
 E = Time spent auto-exploring this place.
 F = Levels seen in this place.
 G = Mean time per level.
                   A        B        C        D        E       F      G
               +--------+--------+--------+--------+--------+-----+--------+
         Total |   3999 |   3518 |    481 |      0 |   2760 |   4 |  999.8 |
       Dungeon |   3999 |   3518 |    481 |      0 |   2760 |   4 |  999.8 |
               +--------+--------+--------+--------+--------+-----+--------+

Top non-repeatable levels by time:
     D:2: 1103 daAuts
     D:1: 1080 daAuts
     D:3: 924 daAuts
     D:4: 890 daAuts
